 Dungeon Crawl Stone Soup version 0.25.1-11-g244df3a29b (webtiles) character file.

Game seed: 6779918105120353648

13563 kate the Cruncher (level 11, -21/85 HPs)
             Began as a Demonspawn Fighter on June 30, 2023.
             Was a Priest of Nemelex Xobeh.
             Killed from afar by Rupert the quicksilver dragon (42 damage)
             ... with a bolt of dispelling energy
             ... on level 12 of the Dungeon.
             The game lasted 00:29:49 (14207 turns).

kate the Cruncher (Demonspawn Fighter)             Turns: 14207, Time: 00:29:50

Health: -21/85     AC: 13    Str: 23    XL:     11   Next: 77%
Magic:  11/11      EV: 15    Int: 10    God:    Nemelex Xobeh [***...]
Gold:   648        SH:  0    Dex: 19    Spells: 10/10 levels left

rFire    . . .     SeeInvis .   g - +3 quarterstaff (chaos)
rCold    + . .     Gourm    .   (shield currently unavailable)
rNeg     . . .     Faith    .   m - +0 ring mail "Tiru" {rElec Str+4}
rPois    .         Spirit   .   K - +0 helmet
rElec    +         Reflect  .   s - +0 cloak
rCorr    +         Harm     .   (no gloves)
MR       .....                  (no boots)
Stlth    ++++......             a - amulet of the acrobat
HPRegen  0.24/turn              n - +6 ring of dexterity
MPRegen  0.12/turn              U - ring of stealth

@: no status effects
A: talons 2, yellow scales 3, cold resistance 1, spiny 1, freezing cloud
immunity
a: Draw Escape, Draw Destruction, Draw Summoning, Triple Draw, Renounce Religion


You were on level 12 of the Dungeon.
You worshipped Nemelex Xobeh.
Nemelex Xobeh was most pleased with you.
You were not hungry.

You visited 2 branches of the dungeon, and saw 13 of its levels.

You collected 648 gold pieces.

Inventory:

Hand Weapons
 g - a +3 quarterstaff of chaos (weapon)
 u - a +3 vorpal dire flail
Missiles
 i - 11 boomerangs (quivered)
 p - 34 poisoned darts
 N - 7 javelins
Armour
 b - a +0 scale mail
 c - a +0 kite shield
 m - the +0 ring mail "Tiru" (worn) {rElec Str+4}
   (You found it on level 4 of the Dungeon)

   It affects your strength (+4).
   It insulates you from electricity.
 s - a +0 cloak (worn)
 J - a +2 hat
 K - a +0 helmet (worn)
Jewellery
 a - an amulet of the acrobat (around neck)
 h - an uncursed ring of fire
 n - a +6 ring of dexterity (left hand)
 t - an uncursed ring of protection from cold
 G - a cursed -4 ring of dexterity
 U - a ring of stealth (right hand)
Wands
 l - a wand of iceblast (8)
 z - a wand of acid (10)
 D - a wand of disintegration (11)
 E - a wand of polymorph (15)
 P - a wand of flame (7)
Scrolls
 e - 6 scrolls of teleportation
 j - 2 scrolls of blinking
 k - 2 scrolls of immolation
 q - 3 scrolls of magic mapping
 r - 2 scrolls of remove curse
 w - a scroll of fog {unknown}
 x - a scroll of enchant weapon
 y - a scroll of fear
 F - a scroll of acquirement {unknown}
Potions
 d - 3 potions of might
 v - 4 potions of curing
 A - 3 potions of haste
 C - 3 potions of berserk rage
 I - a potion of invisibility {unknown}
 L - a potion of flight {unknown}
 M - a potion of resistance
 O - a potion of magic
 Q - a potion of stabbing {unknown}
 R - a potion of mutation {unknown}
Miscellaneous
 S - a phial of floods
Comestibles
 f - 15 rations


   Skills:
 + Level 7.7 Fighting
   Level 4.0 Long Blades
 + Level 5.0(8.1) Maces & Flails
 + Level 9.9(10.4) Staves
 + Level 0.6 Throwing
 + Level 8.4 Armour
 + Level 5.3 Dodging
 + Level 5.1 Stealth
 + Level 4.2 Shields


You had 10 spell levels left.
You didn't know any spells.
Your spell library contained the following spells:

 Spells                   Type           Power        Failure   Level  Hunger
 Confusing Touch          Hex            #.......     86%         3    ####...
 Gell's Gravitas          Tloc           #.........   86%         3    ####...
 Petrify                  Tmut/Erth      #.......     99%         4    #####..
 Metabolic Englaciation   Hex/Ice        #.........   100%        5    ######.
 Yara's Violent Unravell  Hex/Tmut       #.........   100%        5    ######.


Dungeon Overview and Level Annotations

Branches:
Dungeon (12/15)            Temple (1/1) D:6            Lair (0/6) D:9
    Orc (0/2) D:9

Altars:
Ashenzari
Cheibriados
Dithmenos
Elyvilon
Fedhas
Gozag
Hepliaklqana
Kikubaaqudgha
Makhleb
Nemelex Xobeh
Okawaru
Qazlal
Ru
Sif Muna
Trog
Uskayaw
Vehumet
Wu Jian
Xom
Yredelemnul
Zin
The Shining One

Shops:
D:10 (

Annotations:
D:12 Rupert


Innate Abilities, Weirdness & Mutations

You have razor-sharp toenails.
You are completely covered in yellow scales. (AC +4, rCorr)
Your flesh is cold resistant. (rC+)
You are partially covered in sharp spines.
You are immune to freezing clouds.


Message History

Press: ? - help, Shift-Dir - straight line, f/p - Rupert
Aim: Rupert the quicksilver dragon (heavily wounded, catching its breath, misshapen and mutated) Rupert resists with some effort.
Rupert is struck by your spines. Rupert barely misses you.
Rupert claws you but does no damage. Rupert is struck by your spines.
Rupert bites you but does no damage. Rupert claws you but does no damage.
You hit Rupert. Your kick misses Rupert.
Rupert is severely wounded.
Rupert breathes dispelling energy at you.
The bolt of dispelling energy hits you!!
* * * LOW HITPOINT WARNING * * *
You draw a card...
You have drawn Pain.
Press: ? - help, Shift-Dir - straight line, f/p - Rupert
Aim: Rupert the quicksilver dragon (severely wounded, catching its breath, misshapen and mutated) Rupert resists with some effort.
Rupert breathes dispelling energy at you.
The bolt of dispelling energy hits you!!!
You die...
Your body glows slightly and disappears.

##.. #.##.......# ....
#.#...###.#
...###....###.#
..#.#.##.##...# # #.
#.###.##.#.# #. #. #.#
#.##.#.# #.##.##.#
#......# #.......#
####.#.# ###...###
#.#@#
#...########.#.D......
#...##.......###......
###...##.#####.#
.###.. ...........## #
........#...#
............# . .# .
###.#.##.##.##.> .. .
...#........... .#.#


You could see Rupert the quicksilver dragon (catching breath, misshapen).

Vanquished Creatures
  Josephine (D:9)
  3 two-headed ogres
  An unseen horror (D:12)
  Pikel (D:7)
  2 ugly things
  A kobold demonologist (D:11)
  2 trolls (D:11)
  2 hippogriffs
  5 wraiths
  5 yaks
  A hungry ghost (D:7)
  2 steam dragons
  Edmund (D:4)
  A soldier ant (D:8)
  2 insubstantial wisps (D:8)
  A porcupine (D:9)
  A black bear (D:9)
  An orc warrior (D:10)
  5 sky beasts
  3 ice beasts
  2 phantoms
  5 ogres
  7 centaurs
  2 crocodiles
  A big kobold (D:11)
  9 bullfrogs
  6 scorpions
  5 wights (D:12)
  A howler monkey (D:8)
  3 crimson imps
  A centaur zombie (D:10)
  A quasit (D:12)
  2 jellies
  A bullfrog zombie (D:12)
  4 orc priests
  5 hounds
  A gnoll shaman (D:8)
  8 orc wizards
  Crazy Yiuf (D:6)
  4 centaur skeletons
  6 iguanas
  9 worker ants
  2 hound skeletons (D:6)
  2 worker ant zombies
  A howler monkey zombie (D:10)
  5 gnolls (D:8)
  11 adders
  2 shadow imps
  An ooze (D:4)
  An adder skeleton (D:5)
  5 worms
  2 dart slugs
  6 leopard geckos
  29 orcs
  8 bats
  9 giant cockroaches
  9 goblins
  7 hobgoblins
  8 jackals
  12 kobolds
  5 quokkas
  7 ball pythons
  3 frilled lizards
  A jackal skeleton (D:4)
  A quokka skeleton (D:8)
  7 rats
269 creatures vanquished.

Vanquished Creatures (others)
  2 sky beasts (D:8)
  A hound (D:7)
  A fungus (D:9)
4 creatures vanquished.

Grand Total: 273 creatures vanquished

Notes
Turn   | Place    | Note
-------+----------+-------------------------------------------
     0 | D:1      | kate the Demonspawn Fighter began the quest for the Orb.
     0 | D:1      | Reached XP level 1. HP: 18/18 MP: 1/1
   226 | D:1      | Gained mutation: You are partially covered in yellow
                  | scales. (AC +2) [demonic ancestry]
   226 | D:1      | Reached XP level 2. HP: 24/24 MP: 2/2
   743 | D:1      | Reached XP level 3. HP: 22/29 MP: 3/3
  1077 | D:2      | Noticed a scorpion
  1557 | D:1      | Killed a scorpion
  1557 | D:1      | Gained mutation: You have sharp toenails. [demonic
                  | ancestry]
  1557 | D:1      | Reached XP level 4. HP: 18/35 MP: 4/4
  2483 | D:2      | Reached skill level 1 in Dodging
  2516 | D:2      | HP: 1/35 [poisoned by an adder]
  3067 | D:2      | Gained mutation: You are mostly covered in yellow scales.
                  | (AC +3) [demonic ancestry]
  3067 | D:2      | Reached XP level 5. HP: 41/41 MP: 5/5
  4222 | D:4      | Reached XP level 6. HP: 34/47 MP: 6/6
  4733 | D:4      | Noticed Edmund
  4759 | D:4      | Killed Edmund
  5046 | D:4      | Found a shimmering blue altar of Sif Muna.
  5049 | D:4      | Got a twisted ring mail
  5097 | D:4      | Reached skill level 1 in Stealth
  5186 | D:4      | Gained mutation: Your flesh is cold resistant. (rC+)
                  | [demonic ancestry]
  5186 | D:4      | Reached XP level 7. HP: 53/53 MP: 7/7
  5341 | D:5      | Entered Level 5 of the Dungeon
  5430 | D:5      | Reached skill level 1 in Maces & Flails
  5620 | D:5      | Reached skill level 5 in Armour
  6367 | D:6      | Gained mutation: You have razor-sharp toenails. [demonic
                  | ancestry]
  6367 | D:6      | Reached XP level 8. HP: 57/60 MP: 8/8
  6424 | D:6      | Found a staircase to the Ecumenical Temple.
  6440 | Temple   | Entered the Ecumenical Temple
  6591 | Temple   | Became a worshipper of Nemelex Xobeh the Trickster
  6766 | D:6      | Received a gift from Nemelex Xobeh
  6801 | D:6      | Found a shimmering altar of Xom.
  6939 | D:6      | Found a hide-covered altar of Uskayaw.
  7111 | D:6      | Found a runed translucent door.
  7112 | D:6      | Noticed Crazy Yiuf
  7354 | D:6      | Killed Crazy Yiuf
  7645 | D:7      | Reached skill level 1 in Staves
  7739 | D:7      | Reached skill level 5 in Maces & Flails
  7888 | D:7      | Noticed a hippogriff
  7901 | D:7      | Killed a hippogriff
  7901 | D:7      | Reached skill level 5 in Fighting
  7901 | D:7      | Reached skill level 2 in Staves
  7901 | D:7      | Gained mutation: You are immune to freezing clouds.
                  | [demonic ancestry]
  7901 | D:7      | Reached XP level 9. HP: 50/68 MP: 9/9
  7924 | D:7      | Reached skill level 3 in Staves
  8242 | D:7      | Reached skill level 4 in Staves
  8768 | D:7      | Found a basalt altar of Yredelemnul.
  8768 | D:7      | Found a hazy altar of Hepliaklqana.
  8768 | D:7      | Found an ornate altar of the Wu Jian Council.
  8768 | D:7      | Noticed Pikel
  8790 | D:7      | Killed Pikel
  8790 | D:7      | Reached skill level 5 in Staves
  9144 | D:7      | Received a gift from Nemelex Xobeh
  9162 | D:7      | Found a glowing silver altar of Zin.
  9163 | D:7      | Noticed an angel
  9256 | D:8      | Reached * piety under Nemelex Xobeh
  9558 | D:8      | Reached skill level 6 in Staves
  9558 | D:8      | Gained mutation: You are partially covered in sharp spines.
                  | [demonic ancestry]
  9558 | D:8      | Reached XP level 10. HP: 76/76 MP: 10/10
  9587 | D:8      | Identified the cursed +0 ring mail "Tiru" {rElec Str+4}
                  | (You found it on level 4 of the Dungeon)
  9719 | D:8      | Noticed a two-headed ogre
 10131 | D:9      | Received a gift from Nemelex Xobeh
 10726 | D:9      | Reached ** piety under Nemelex Xobeh
 10746 | D:9      | Found a staircase to the Orcish Mines.
 10792 | D:9      | Received a gift from Nemelex Xobeh
 10873 | D:9      | Found a staircase to the Lair.
 10903 | D:9      | Reached skill level 7 in Staves
 11207 | D:10     | Entered Level 10 of the Dungeon
 11416 | D:10     | Received a gift from Nemelex Xobeh
 11419 | D:10     | Noticed a two-headed ogre
 11421 | D:10     | Killed a two-headed ogre
 11537 | D:10     | Reached skill level 8 in Staves
 11542 | D:10     | Noticed Josephine
 11567 | D:9      | Killed Josephine
 11567 | D:9      | Gained mutation: You are completely covered in yellow
                  | scales. (AC +4, rCorr) [demonic ancestry]
 11567 | D:9      | Reached XP level 11. HP: 57/83 MP: 11/11
 11985 | D:10     | Found Amuuh's Antique Weapon Shoppe.
 12555 | D:11     | Reached *** piety under Nemelex Xobeh
 12609 | D:11     | Noticed a two-headed ogre
 12635 | D:11     | Reached skill level 9 in Staves
 12666 | D:11     | Killed a two-headed ogre
 12666 | D:11     | Reached skill level 5 in Dodging
 12949 | D:11     | Noticed a white ugly thing
 12961 | D:11     | Killed a white ugly thing
 13042 | D:11     | Received a gift from Nemelex Xobeh
 13092 | D:11     | Noticed a two-headed ogre
 13100 | D:11     | Killed a two-headed ogre
 13100 | D:11     | Reached skill level 5 in Stealth
 13584 | D:11     | Received a gift from Nemelex Xobeh
 13971 | D:12     | Noticed a brown ugly thing
 13976 | D:12     | Killed a brown ugly thing
 14039 | D:12     | Killed an unseen horror
 14115 | D:12     | Noticed a deep elf mage
 14116 | D:12     | Noticed a centaur warrior
 14193 | D:12     | Noticed Rupert
 14194 | D:12     | Paralysed by Rupert for 4 turns
 14202 | D:12     | Noticed Rupert
 14202 | D:12     | Rupert changed into Rupert the quicksilver dragon
 14207 | D:12     | Killed from afar by Rupert the quicksilver dragon

Illustrated notes

Levels and vault maps discovered:
D:1:      minmay_arrival_arboretum_small, layout_loops_ring,
          kennysheep_nondescript, minmay_shallow_snake_nest
D:2:      layout_basic, minmay_crystal_water, minmay_fractal_squares_5
D:3:      layout_basic
D:4:      layout_cave_pools, first_ration, led_sif_book, uniq_edmund
D:5:      layout_loops_ring
D:6:      layout_loops_ring, minmay_temple_entry_glassed_door,
          hangedman_feature_mirror, kennysheep_windowed_goal,
          uniq_crazy_yiuf_cottage
D:7:      layout_rooms, gammafunk_temple_overflow_claw, zin_angel, uniq_pikel
D:8:      layout_cave_pools, grunt_pizzeria, hangedman_misty_isle
D:9:      layout_irregular_city, due_lair_maze_entry_diamond
D:10:     layout_cave_pools, serial_shops, kennysheep_mini, uniq_josephine
D:11:     layout_irregular_city
D:12:     layout_loops_cross, lightli_corner_chamber, uniq_rupert
Temple:   compressed_dpeg_circular_temple

Skill      XL: |  1  2  3  4  5  6  7  8  9 10 11 |
---------------+----------------------------------+-----
Armour         | 3 4 5 6 7 8 |  8.4
Long Blades    | 2 3 4 |  4.0
Shields        | 3 4 |  4.2
Dodging        | 1 2 3 4 5 |  5.3
Stealth        | 1 2 4 5 |  5.1
Maces & Flails | 3 5 |  5.0
Fighting       | 4 5 6 7 |  7.7
Staves         | 2 6 8 9 |  9.9
Throwing       | |  0.6

Action                   |  1- 3 |  4- 6 |  7- 9 | 10-12 || total
-------------------------+-------+-------+-------+-------++-------
Melee: Long sword        |    95 |   208 |       |       ||   303
       Kick              |       |    76 |    93 |   131 ||   300
       Dire flail        |       |    11 |   117 |       ||   128
       Quarterstaff      |       |       |   169 |   280 ||   449
Throw: Boomerang         |       |       |       |     3 ||     3
Invok: Draw Destruction  |       |       |       |     8 ||     8
  Use: Potion            |     3 |     1 |       |     3 ||     7
       Scroll            |       |       |     6 |     7 ||    13
 Stab: Paralysed         |       |       |     4 |     3 ||     7
       Confused          |       |       |       |     2 ||     2
       Petrifying        |       |       |       |     1 ||     1
       Sleeping          |       |       |       |     2 ||     2
  Eat: Chunk             |       |    11 |    14 |    15 ||    40
       Ration            |       |     1 |       |       ||     1
Armor: Scale mail        |    58 |   112 |   164 |       ||   334
       Ring mail         |       |       |       |   110 ||   110
Dodge: Dodged            |    33 |    99 |   191 |   193 ||   516
Block: Kite shield       |    63 |   134 |       |       ||   197
       Rpst.: Long sword |    12 |    30 |       |       ||    42
